Map: Chantier naval orbital

Players

wrier - Winner!

  • Race: Zerg Zerg

AgCl

  • Race: Protoss Protoss

VOD

Have the link to the VOD?

Description

Time

  • Played on: May 15, 2015, 7:23 p.m.
  • Length: 6:01
Show
View Real Time Build Order
Export as new Build Order

wrier Zerg - Winner!

Build Orders: Pool First 

Get SALT Encoding   

  12  0:01  Drone  
  13  0:19  Overlord  
  13  0:21  Drone  
  14  0:24  Drone, Extractor  
  15  0:40  Spawning Pool  
  14  0:45  Drone  
  14  0:48  Drone  
  16  1:15  Hatchery  
  15  1:29  Queen  
  15  1:30  Zergling x2  
  18  1:33  Zergling x2  
  18  1:37  Zergling x2  
  20  1:54  Extractor  
  19  1:56  Drone, Overlord  
  20  2:14  Drone x2  
  22  2:20  Queen  
  24  2:24  Drone  
  24  2:29  Drone  
  25  2:47  Queen  
  25  2:50  Drone  
  25  2:51  Drone x2  
  29  2:55  Metabolic Boost  
  30  3:07  Overlord  
  30  3:08  Drone x2  
  30  3:09  Drone  
  33  3:30  Hatchery  
  32  3:39  Zergling x2  
  32  3:40  Zergling x8  
  37  3:43  Drone  
  37  3:46  Drone  
  37  3:47  Drone  
  40  3:54  Baneling Nest  
  39  3:58  Zergling x2  
  39  4:02  Zergling x2  
  41  4:03  Zergling x6  
  41  4:05  Overlord x2  
  42  4:16  Zergling x8  
  43  4:22  Zergling x2  
  43  4:23  Zergling x4  
  46  4:26  Overlord  
  46  4:28  Zergling x2  
  44  4:46  Zergling x8  
  44  4:47  Zergling x4  
  44  4:51  Queen  
  52  4:59  Overlord  
  52  5:00  Drone x2  
  54  5:09  Baneling  
  54  5:10  Baneling x8  
  54  5:11  Baneling  
  54  5:16  Zergling x4  
  56  5:31  Zergling x2  
  56  5:32  Zergling x12  
Show
View Real Time Build Order
Export as new Build Order

AgCl Protoss 

Build Orders:  

Get SALT Encoding   

  12  0:12  Pylon  
  12  0:26  Assimilator  
  12  0:31  Gateway  
  12  0:35  Probe  
  13  0:47  Probe  
  14  0:59  Probe (Chrono Boost)  
  15  1:10  Probe (Chrono Boost)  
  16  1:16  Probe (Chrono Boost)  
  16  1:18  Cybernetics Core  
  17  1:28  Probe (Chrono Boost)  
  18  1:36  Probe (Chrono Boost)  
  18  1:37  Gateway  
  19  1:44  Pylon  
  19  1:48  Probe  
  20  1:54  Warp Gate (Chrono Boost)  
  20  1:59  Adept  
  22  2:04  Probe (Chrono Boost)  
  25  2:16  Mothership Core (Chrono Boost)  
  25  2:26  Gateway  
  25  2:30  Probe  
  26  2:42  Probe, Pylon  
  27  2:45  Adept  
  29  3:00  Probe (Chrono Boost)  
  29  3:01  Nexus  
  30  3:07  Assimilator  
  30  3:11  Probe (Chrono Boost)  
  31  3:17  Probe (Chrono Boost)  
  32  3:24  Stargate  
  32  3:29  Probe  
  33  3:37  Pylon  
  33  3:42  Gateway  
  33  3:47  Gateway  
  33  3:53  Probe  
  34  4:00  Adept  
  36  4:09  Adept  
  38  4:14  Probe (Chrono Boost)  
  39  4:21  Probe (Chrono Boost)  
  40  4:25  Oracle (Chrono Boost)  
  40  4:27  Pylon  
  40  4:30  Probe (Chrono Boost)  
  40  4:44  Probe (Chrono Boost)  
  37  4:47  Fleet Beacon  
  37  4:50  Probe (Chrono Boost)  
  38  4:53  Probe (Chrono Boost)  
  38  4:55  Assimilator  
  38  4:56  Assimilator  
  38  4:57  Probe (Chrono Boost)  
  39  5:01  Probe (Chrono Boost)  
  39  5:05  Stalker  
  42  5:13  Probe (Chrono Boost)  
  44  5:15  Probe (Chrono Boost)  
  44  5:20  Probe (Chrono Boost)  
  46  5:22  Probe (Chrono Boost)  
  46  5:30  Probe (Chrono Boost)  
  48  5:36  Probe (Chrono Boost)  
  48  5:42  Probe (Chrono Boost)  
  49  5:49  Probe (Chrono Boost), Adept  
Tags
 
Add a new tag
Caveats
  • Supply blocks, unpowered buildings, or Contaminate may cause inaccurate times.
  • Supply counts are checked every 10 seconds.